 Dungeon Crawl Stone Soup version 0.18-a0-1539-g1c7284a (webtiles) character file.

32 GrosslyIncandescent the Insei (level 3, -3/29 HPs)
             Began as a Mummy Monk on Mar 9, 2016.
             Slain by Terence
             ... wielding a +0 flail
              (9 damage)
             ... on level 2 of the Dungeon.
             The game lasted 00:01:01 (816 turns).

GrosslyIncandescent the Insei (Mummy Monk)           Turns: 816, Time: 00:01:02

Health: -3/29      AC:  1    Str: 14    XL:     3   Next: 8%
Magic:  3/3        EV: 13    Int:  9    God:
Gold:   82         SH:  0    Dex: 15    Spells: 0 memorised, 2 levels left

rFire  x . .     SeeInvis .       - Unarmed
rCold  + . .     Gourm    .     (no armour)
rNeg   + + +     Faith    +     (no shield)
rPois  ∞         Spirit   .     (no helmet)
rElec  .         Dismiss  .     (no cloak)
rCorr  .         Reflect  .     (no gloves)
SustAt .         Harm     .     b - +0 pair of boots
MR     .....                    h - amulet of faith {!P}
Stlth  ++........               (no ring)
                                (no ring)

@: not resistant to hostile enchantments, unstealthy
A: no food or potions, fire vulnerability, cold resistance 1, negative energy
resistance 3, torment resistance, unbreathing
a: no special abilities


You were on level 2 of the Dungeon.
You were not hungry.

You visited 1 branch of the dungeon, and saw 2 of its levels.

You collected 82 gold pieces.


Innate Abilities, Weirdness & Mutations

You do not eat or drink.
Your flesh is vulnerable to fire.
You are immune to poison.
Your flesh is cold resistant.
You are immune to negative energy.
You are immune to unholy pain and torment.
You can survive without breathing.


   Skills:
 - Level 3.0 Fighting
 - Level 2.4 Dodging
 - Level 1.5 Stealth
 + Level 4.1 Unarmed Combat


You had 2 spell levels left.
You didn't know any spells.

Inventory:

Armour
 b - a +0 pair of boots (worn)
Jewellery
 h - an amulet of faith (around neck) {!P}
Scrolls
 a - a scroll of amnesia {unknown}
 c - a scroll of noise {unknown}
 d - 3 scrolls of identify {unknown}
 e - a scroll of enchant armour {unknown}
 f - a scroll of blinking {unknown}
 g - a scroll of remove curse {unknown}

Dungeon Overview and Level Annotations

Branches:
Dungeon (2/15)

Altars:

Annotations:
D:2 Terence

. ▒.. ▒▒.. ▒▒...▒▒
▒▒.....▒▒ ▒
▒▒>......▒▒ .▒▒
▒.........▒▒▒▒...▒▒
+.........'.M@....▒
▒.........▒▒▒▒...▒▒
▒.......▒▒ .▒▒
▒▒.....▒▒ ▒
▒▒...▒▒▒▒▒▒▒▒
▒▒.........▒
▒..▒▒▒▒▒▒.▒
▒..▒▒▒▒▒▒
▒▒.......▒.▒


You could see Terence.


Message History

You closely miss Terence!
Terence is lightly wounded!
Terence completely misses you!
You barely miss Terence!
Terence is lightly wounded!
You closely miss Terence!
Terence is lightly wounded!
Terence hits you with a flail!
You squash Terence like an ant!
Terence is lightly wounded!
Terence hits you with a flail!!! * * * don't die
* * * You pulverise Terence but do no damage!
Terence is lightly wounded!
Terence looks scornfully at you! Terence hits you but does no damage!
You barely miss Terence!
Terence is lightly wounded!
You barely miss Terence!
Terence is lightly wounded!
Terence misses you!
You beat Terence but do no damage!
Terence is lightly wounded!
Terence hits you with a flail! * * * don't die
* * * You pummel Terence but do no damage!
Terence is lightly wounded!
Terence shouts, "ATTACK!!!!!!!!!"
Terence hits you with a flail!!! rip

Action                   || total
-------------------------++-------
Melee: Unarmed           ||    85
 Stab: Sleeping          ||     2

Vault maps used:
D:1:      minmay_arrival_four_houses, serial_glass, glass_columns_a,
          glass_columns_a, feat_on_display, feat_on_display
D:2:      grunt_gozag_breadcrumbs, ecumenical_altar_1, first_bread,
          minmay_rat_gold_closets, uniq_terence

Notes
Turn   | Place    | Note
--------------------------------------------------------------
     0 | D:1      | GrosslyIncandescent the Mummy Monk began the quest for the Orb.
     0 | D:1      | Reached XP level 1. HP: 18/18 MP: 1/1
   353 | D:1      | Reached XP level 2. HP: 24/24 MP: 2/2
   427 | D:1      | Reached skill level 4 in Unarmed Combat
   617 | D:1      | Reached XP level 3. HP: 14/29 MP: 3/3
   801 | D:2      | Noticed Terence
   816 | D:2      | Slain by Terence

Vanquished Creatures
  An ooze (D:1)
  2 dart slugs (D:1)
  A bat (D:1)
  4 giant cockroaches (D:1)
  2 goblins (D:1)
  2 hobgoblins (D:1)
  4 jackals (D:1)
  A kobold (D:1)
  4 rats (D:1)
21 creatures vanquished.
